 Dungeon Crawl Stone Soup version 0.18-a0-1551-g40744a8 (webtiles) character file.

15404 Ijustatesigmund the Transmogrifier (level 12, -7/81 HPs)
             Began as an Octopode Transmuter on Mar 11, 2016.
             Was a High Priest of Cheibriados.
             Mangled by a deep elf knight
             ... wielding a +2 quarterstaff of protection
              (23 damage)
             ... on level 11 of the Dungeon.
             The game lasted 01:09:15 (14765 turns).

Ijustatesigmund the Transmogrifier (OpTm)          Turns: 14765, Time: 01:09:16

Health: -7/81      AC:  2    Str: 22    XL:     12   Next: 26%
Magic:  21/21      EV: 33    Int: 31    God:    Cheibriados [*****.]
Gold:   563        SH:  0    Dex: 30    Spells: 7 memorised, 3 levels left

rFire  + . .     SeeInvis .       - Unarmed
rCold  . . .     Gourm    .     (shield currently unavailable)
rNeg   . . .     Faith    .     (helmet currently unavailable)
rPois  x         Spirit   .     y - amulet of magic regeneration
rElec  .         Dismiss  .     x - +4 ring of evasion
rCorr  .         Reflect  .     D - ring of protection from fire
SustAt .         Harm     .     (no ring)
MR     .....                    (no ring)
Stlth  ++++++....               (no ring)
                                (no ring)
                                (no ring)
                                (no ring)

@: spider-form (expiring), very slightly contaminated, very slow, not resistant
to hostile enchantments, very stealthy
A: almost no armour, (amphibious), 8 rings, (constrict 8), (camouflage 0),
(gelatinous body 0)
a: End Transformation, Bend Time, Temporal Distortion, Slouch, Step From Time,
Renounce Religion


You were on level 11 of the Dungeon.
You worshipped Cheibriados.
Cheibriados was extremely pleased with you.
You were not hungry.
You were a venomous arachnid creature.
You visited 2 branches of the dungeon, and saw 12 of its levels.

You collected 563 gold pieces.

Inventory:

Missiles
 a - 240 arrows
 m - 5 steel javelins (quivered)
 r - 8 tomahawks
 A - 4 exploding tomahawks
Armour
 q - a +2 hat (melded)
 t - a +0 buckler of cold resistance
 v - a +1 buckler (melded)
Jewellery
 x - a +4 ring of evasion (left front leg)
 y - an amulet of magic regeneration (around neck)
 D - a ring of protection from fire (right front leg)
Wands
 l - a wand of polymorph (7/24)
 o - a wand of slowing (28/48)
 p - a wand of confusion (32/48)
 C - a wand of iceblast (6/15)
 E - a wand of disintegration (5/24)
Scrolls
 h - a scroll of immolation
 i - 6 scrolls of remove curse
 j - 3 scrolls of enchant weapon
 F - 2 scrolls of amnesia
 G - a scroll of magic mapping
Potions
 c - a potion of invisibility
 d - a potion of lignification
 e - a potion of ambrosia
 k - 2 potions of curing
 n - 4 potions of brilliance
 u - a potion of might
Books
 b - a book of Changes

   Spells                             Type                      Level
   a - Beastly Appendage              Transmutation                1
   b - Sticks to Snakes               Transmutation                2
   c - Spider Form                    Transmutation/Poison         3
   d - Ice Form                       Ice/Transmutation            4
   e - Blade Hands                    Transmutation                5
 s - the Compendium of Combat Magic and Enhancements
   (You found it on level 10 of the Dungeon)

   Spells                             Type                      Level
   a - Infusion                       Charms                       1
   b - Repel Missiles                 Charms/Air                   2
   c - Song of Slaying                Charms                       2
   d - Searing Ray                    Conjuration                  2
   e - Mephitic Cloud                 Conjuration/Poison/Air       3
   f - Bolt of Fire                   Conjuration/Fire             6
 z - a book of Envenomations

   Spells                             Type                      Level
   a - Spider Form                    Transmutation/Poison         3
   b - Olgreb's Toxic Radiance        Poison                       4
   c - Alistair's Intoxication        Transmutation/Poison         5
   d - Poisonous Cloud                Conjuration/Poison/Air       6
Miscellaneous
 w - a phial of floods
Comestibles
 f - 7 meat rations
 g - 2 bread rations
 B - 7 royal jellies


   Skills:
 - Level 7.0 Fighting
 - Level 6.0 Dodging
 + Level 8.2 Stealth
 - Level 4.4 Shields
 - Level 8.0 Unarmed Combat
 + Level 6.3 Spellcasting
 - Level 3.0 Conjurations
 - Level 8.2 Transmutations
 - Level 3.1 Ice Magic
 - Level 3.0 Air Magic
 - Level 2.7 Poison Magic
 + Level 7.8 Invocations


You had 3 spell levels left.
You knew the following spells:

 Your Spells              Type           Power        Failure   Level  Hunger
a - Beastly Appendage     Trmt           ######       2%          1    None
b - Sticks to Snakes      Trmt           ######..     2%          2    None
c - Spider Form           Trmt/Pois      #####.....   6%          3    None
d - Blade Hands           Trmt           ######....   17%         5    #####..
e - Ice Form              Ice/Trmt       #####...     17%         4    ##.....
f - Mephitic Cloud        Conj/Pois/Air  ####....     14%         3    None
g - Repel Missiles        Chrm/Air       ###...       14%         2    None


Dungeon Overview and Level Annotations

Branches:
Dungeon (11/15)            Temple (1/1) D:4            Lair (0/8) D:11
    Orc (0/2) D:9

Altars:
Ashenzari
Cheibriados
Dithmenos
Elyvilon
Fedhas
Gozag
Kikubaaqudgha
Makhleb
Nemelex Xobeh
Okawaru
Pakellas
Qazlal
Ru
Sif Muna
Trog
Vehumet
Xom
Yredelemnul
Zin
The Shining One

Shops:
D:7 (

Annotations:
D:5 Dowan


Innate Abilities, Weirdness & Mutations

You cannot wear most types of armour.
((You are amphibious.))
You can wear up to eight rings at the same time.
((You can use your tentacles to constrict eight enemies at once.))
((Your skin changes colour to match your surroundings (Stealth).))
((Your rubbery body absorbs attacks (AC +1).))


Message History

The deep elf knight shoots an arrow.
The arrow barely misses you.
You see here 3 arrows.
You see here 3 arrows.
The deep elf knight shoots an arrow.
The arrow misses you.
You see here an arrow.
The deep elf knight unwields an uncursed shortbow.
The deep elf knight wields an uncursed quarterstaff of protection.
The deep elf knight closely misses you.
The deep elf knight points at you and mumbles some strange words.
The shard of ice hits you!
Ouch! That really hurt!
* * * LOW HITPOINT WARNING * * *
Things that are here:
an arrow; a flail You hit the deep elf knight but do no damage.
The deep elf knight is poisoned.
The deep elf knight is lightly wounded.
Your transformation is almost over.
The deep elf knight hits you with an uncursed quarterstaff of protection!!
You die...

#........<..>..#######........
####...........................).
.................................
..####............#######..#.....
. #..########..# #..#..... #..#
#..# #........ #..# #..#
#........
#..########..#######..#..#O#
#........((se...(......)...#
#######################((#)#
#....o #..#.# #....# #..#.#
#..... #..... #.....


You could see a deep elf knight.

Vanquished Creatures
  Erolcha (D:11)
  A centaur warrior (D:11)
  Nergalle (D:11)
  2 hill giants
  The ghost of Chiseanne the Bolt Thrower, a novice HOHu of Beogh (D:6)
  A manticore (D:11)
  2 komodo dragons
  2 kobold demonologists (D:11)
  An efreet (D:10)
  A two-headed ogre (D:11)
  3 yaks (D:8)
  3 wyverns (D:11)
  A hungry ghost (D:10)
  2 hippogriffs
  Edmund (D:5)
  A water moccasin (D:9)
  Duvessa (D:5)
  17 orc warriors
  3 sky beasts
  5 ice beasts
  4 phantoms
  3 black bears
  3 ogres
  2 crocodiles
  10 centaurs
  5 big kobolds
  Blork the orc (D:5)
  7 giant frogs
  A scorpion (D:9)
  25 killer bees
  5 wights (D:7)
  A howler monkey (D:6)
  5 crimson imps
  A quasit (D:8)
  2 giant frog zombies
  A centaur zombie (D:9)
  6 hounds
  A gnoll shaman (D:7)
  4 centaur skeletons
  4 jellies (D:8)
  6 orc priests
  6 orc wizards
  A giant frog skeleton (D:4)
  5 iguanas
  Jessica (D:2)
  Ijyb (D:2)
  9 worker ants
  A killer bee zombie (D:8)
  A worker ant zombie (D:9)
  7 gnolls
  A howler monkey skeleton (D:8)
  11 adders
  4 shadow imps
  7 oozes
  An adder zombie (D:8)
  A worm (D:2)
  4 dart slugs
  8 giant geckos
  34 orcs
  3 ball pythons
  A giant cockroach (D:2)
  4 goblins
  6 hobgoblins
  10 jackals
  8 quokkas
  8 bats
  A giant gecko skeleton (D:6)
  5 giant newts
  27 kobolds
  4 rats
  A plant (D:11)
328 creatures vanquished.

Vanquished Creatures (collateral kills)
  A hill giant (D:7)
  2 yaks (D:8)
  An ogre (D:4)
  A scorpion (D:6)
  A jelly (D:7)
  A hound (D:7)
  Crazy Yiuf (D:7)
  A gnoll (D:1)
  2 adders (D:8)
  A quokka (D:8)
12 creatures vanquished.

Vanquished Creatures (others)
  7 plants (D:11)
7 creatures vanquished.

Grand Total: 347 creatures vanquished

Notes
Turn   | Place    | Note
--------------------------------------------------------------
     0 | D:1      | Ijustatesigmund the Octopode Transmuter began the quest for the Orb.
     0 | D:1      | Reached XP level 1. HP: 13/13 MP: 3/3
   139 | D:1      | Reached XP level 2. HP: 18/18 MP: 5/5
   143 | D:1      | Learned a level 2 spell: Sticks to Snakes
   981 | D:2      | Reached XP level 3. HP: 18/24 MP: 4/6
   986 | D:2      | Learned a level 3 spell: Spider Form
  1094 | D:2      | Noticed Jessica
  1101 | D:2      | Killed Jessica
  1101 | D:2      | Reached skill level 1 in Poison Magic
  1101 | D:2      | Reached XP level 4. HP: 18/30 MP: 5/7
  1235 | D:2      | Noticed Ijyb
  1249 | D:2      | Killed Ijyb
  1719 | D:2      | Reached XP level 5. HP: 28/35 MP: 8/8
  2398 | D:4      | Noticed an ogre
  2422 | D:4      | Killed an ogre
  2708 | D:4      | Reached XP level 6. HP: 29/42 MP: 9/9
  2851 | D:4      | Reached skill level 5 in Unarmed Combat
  3139 | D:4      | Reached XP level 7. HP: 36/48 MP: 8/10
  3544 | D:4      | Found a staircase to the Ecumenical Temple.
  3553 | Temple   | Entered the Ecumenical Temple
  3601 | Temple   | Became a worshipper of Cheibriados the Contemplative
  3645 | D:5      | Entered Level 5 of the Dungeon
  3826 | D:5      | Noticed Edmund
  3842 | D:5      | Killed Edmund
  3842 | D:5      | Reached skill level 1 in Invocations
  4271 | D:5      | Reached XP level 8. HP: 42/54 MP: 11/11
  4489 | D:5      | Noticed Blork the orc
  4502 | D:5      | Killed Blork the orc
  4502 | D:5      | Reached skill level 5 in Fighting
  4551 | D:5      | Noticed Duvessa
  4562 | D:5      | Noticed Dowan
  4611 | D:5      | Killed Duvessa
  4897 | D:5      | Learned a level 5 spell: Blade Hands
  5525 | D:5      | Reached * piety under Cheibriados
  5787 | D:6      | Found a basalt altar of Yredelemnul.
  6077 | D:6      | Found a glowing golden altar of the Shining One.
  6086 | D:6      | Found an oddly glowing altar of Pakellas.
  6090 | D:6      | Found a burning altar of Makhleb.
  6106 | D:6      | Noticed Chiseanne's ghost (novice HOHu)
  6118 | D:6      | HP: 1/55 [Chiseanne's ghost (3)]
  6524 | D:7      | Found Pump's Antique Weapon Boutique.
  6579 | D:7      | Reached skill level 5 in Invocations
  7137 | D:7      | Reached XP level 9. HP: 57/61 MP: 15/15
  7182 | D:7      | Noticed a hill giant
  7537 | D:7      | Killed a hill giant
  7537 | D:7      | Reached skill level 5 in Transmutations
  7622 | D:7      | Noticed Crazy Yiuf
  7628 | D:7      | Killed Crazy Yiuf
  7809 | D:7      | Found a shimmering altar of Xom.
  7840 | D:7      | Reached skill level 1 in Stealth
  7874 | D:7      | Reached ** piety under Cheibriados
  8874 | D:9      | Reached *** piety under Cheibriados
  8874 | D:9      | Reached skill level 5 in Stealth
  9567 | D:9      | Learned a level 4 spell: Ice Form
  9719 | D:9      | Reached XP level 10. HP: 60/66 MP: 16/16
  9758 | D:9      | Reached skill level 1 in Ice Magic
  9970 | D:8      | Reached **** piety under Cheibriados
 10860 | D:8      | Reached ***** piety under Cheibriados
 11157 | D:8      | Reached skill level 5 in Dodging
 11618 | D:6      | Killed Chiseanne's ghost
 11767 | D:6      | Found a blossoming altar of Fedhas.
 11857 | D:6      | Reached skill level 1 in Shields
 12183 | D:9      | Found a staircase to the Orcish Mines.
 12266 | D:9      | Reached XP level 11. HP: 69/72 MP: 17/17
 12281 | D:10     | Entered Level 10 of the Dungeon
 12288 | D:10     | Noticed a hill giant
 12294 | D:10     | Killed a hill giant
 12585 | D:10     | Reached ****** piety under Cheibriados
 13058 | D:10     | Identified the Compendium of Combat Magic and Enhancements
 13063 | D:10     | Learned a level 3 spell: Mephitic Cloud
 13259 | D:11     | Noticed a manticore
 13272 | D:11     | Found a staircase to the Lair.
 13272 | D:11     | Noticed a hill giant
 13312 | D:11     | Killed a hill giant
 13312 | D:11     | Reached skill level 1 in Conjurations
 13312 | D:11     | Reached skill level 1 in Air Magic
 13981 | D:11     | Noticed Erolcha
 13992 | D:11     | Killed Erolcha
 13992 | D:11     | Reached skill level 5 in Spellcasting
 14059 | D:11     | Killed a manticore
 14259 | D:11     | Reached XP level 12. HP: 81/81 MP: 20/20
 14379 | D:11     | Noticed a centaur warrior
 14383 | D:11     | Killed a centaur warrior
 14389 | D:11     | Noticed a deep elf knight
 14397 | D:11     | Noticed Nergalle
 14626 | D:11     | Learned a level 2 spell: Repel Missiles
 14691 | D:11     | HP: 4/81 [spectral orc knight/enchanted battleaxe[Nergalle] (12)]
 14697 | D:11     | Killed Nergalle
 14765 | D:11     | Mangled by a deep elf knight

Vault maps used:
D:1:      minmay_arrival_nine_rooms, amethyst_killhole, kennysheep_crisscross
D:2:      uniq_jessica, uniq_iyjb
D:4:      minmay_temple_entry_poolview, first_bread
D:5:      patterned_corridor, uniq_duvessa, uniq_blork_the_orc, uniq_edmund
D:6:      fedhas_altar_1, minitemple, moated_statue, minmay_misc_feat_cross,
          yredelemnul_altar_generic
D:7:      serial_shops, nicolae_shop_overgrown_old_shop, basic_altar,
          uniq_crazy_yiuf_cottage
D:8:      grunt_ministairs_1, hangedman_little_slice_of_home,
          small_statue_intersection
D:9:      david_orc_4
D:11:     evilmike_iron_armoury, david_lair_shrubbed, uniq_nergalle,
          uniq_erolcha
Temple:   nicolae_temple_x_marks_the_god_16

Skill      XL: |  1  2  3  4  5  6  7  8  9 10 11 12 |
---------------+-------------------------------------+-----
Fighting       | 2 3 4 5 7 |  7.0
Poison Magic   | 1 2 |  2.7
Unarmed Combat | 4 5 6 8 |  8.0
Transmutations | 3 4 7 8 |  8.2
Invocations    | 2 5 6 7 |  7.8
Spellcasting   | 4 5 6 |  6.3
Dodging        | 3 4 6 |  6.0
Stealth        | 5 6 8 |  8.2
Ice Magic      | 3 |  3.1
Shields        | 1 4 |  4.4
Conjurations   | 3 |  3.0
Air Magic      | 3 |  3.0

Action                   |  1- 3 |  4- 6 |  7- 9 | 10-12 || total
-------------------------+-------+-------+-------+-------++-------
Melee: Unarmed           |    33 |   113 |   343 |   457 ||   946
Throw: Tomahawk          |       |       |     5 |     1 ||     6
       Javelin           |       |       |       |     1 ||     1
 Cast: Beastly Appendage |     3 |     5 |    20 |     4 ||    32
       Sticks to Snakes  |     2 |     5 |    33 |    15 ||    55
       Spider Form       |       |     1 |    11 |     4 ||    16
       Ice Form          |       |       |     1 |    22 ||    23
       Blade Hands       |       |       |       |     7 ||     7
       Mephitic Cloud    |       |       |       |    14 ||    14
       Repel Missiles    |       |       |       |     1 ||     1
Invok: Bend Time         |       |       |     1 |       ||     1
       Temporal Distorti |       |       |     1 |     2 ||     3
       Slouch            |       |       |       |     7 ||     7
Evoke: Wand              |       |       |     4 |     3 ||     7
  Use: Scroll            |     4 |     1 |    17 |    11 ||    33
       Potion            |       |       |     6 |     5 ||    11
 Stab: Sleeping          |     2 |     6 |    10 |    12 ||    30
       Distracted        |       |       |       |     3 ||     3
       Confused          |       |       |       |    11 ||    11
  Eat: Chunk             |     1 |     3 |     5 |     6 ||    15
       Bread ration      |       |     1 |     2 |       ||     3
       Beef jerky        |       |       |     1 |     1 ||     2
       Royal jelly       |       |       |       |     4 ||     4
       Fruit             |       |       |       |     4 ||     4
